 Dungeon Crawl Stone Soup version 0.32-a0-120-gfac0567ad4 (webtiles) character file.

Game seed: 6941791237582502359

180 Ambrosia the Shield-Bearer (level 5, 47/47 HPs)
             Began as a Minotaur Fighter on Feb 7, 2024.
             Quit the game on level 2 of the Dungeon.
             The game lasted 00:02:31 (522 turns).

Ambrosia the Shield-Bearer (Minotaur Fighter)        Turns: 522, Time: 00:02:31

Health: 47/47      AC:  7    Str: 23    XL:     5   Next: 33%
Magic:  4/4        EV:  9    Int:  5    God:
Gold:   52         SH:  4    Dex:  9    Spells: 4/4 levels left

rFire   . . .        a - +0 trident
rCold   . . .        c - +0 buckler
rNeg    . . .        b - +0 scale mail
rPois   .            (helmet restricted)
rElec   .            (no cloak)
rCorr   .            (no gloves)
SInv    .            (no boots)
Will    .....        (no amulet) Stlth
                     (no ring)
HPRegen 0.27/turn    (no ring)
MPRegen 0.09/turn

%: no passive effects
@: no status effects
A: horns 2, retaliatory headbutt
a: no special abilities


You were on level 2 of the Dungeon.
You visited 1 branch of the dungeon, and saw 2 of its levels.

You collected 52 gold pieces.

Inventory:

Hand Weapons
 a - a +0 trident (weapon)
Armour
 b - a +0 scale mail (worn)
 c - a +0 buckler (worn)
Scrolls
 e - a scroll of enchant weapon
 g - a scroll of fog
 i - a scroll of revelation {unknown}
Potions
 d - 2 potions of might
 f - a potion of ambrosia {unknown}
 h - a potion of curing {unknown}


   Skills:
 + Level 4.7 Fighting
 + Level 3.9 Polearms
 + Level 4.8 Armour
 + Level 4.8 Shields


You had 4 spell levels left.
You didn't know any spells.
Your spell library was empty.

Dungeon Overview and Level Annotations

Branches:
Dungeon (2/15) Zot: 11469

Altars:


Innate Abilities, Weirdness & Mutations

You have a pair of horns on your head.
You reflexively headbutt those who attack you in melee.


Message History

You closely miss the adder. You headbutt the adder.
The adder barely misses you.
You puncture the adder!
You kill the adder!
Your Fighting skill increases to level 4!
Your Polearms skill increases to level 3!
You have reached level 3!
Your experience leads to an increase in your attributes!
Increase (s)trength, (i)ntelligence, or (d)exterity?
You feel stronger. x2
You regained 6 hp, and now have 31/33 hp.
MP restored: 2 You now have 52 gold pieces (gained 10).
No target in view!
Sigmund the Dreaded comes into view.
He is wielding a +0 scythe.
Sigmund shouts!
Health restored: 33 Sigmund says, "Look into my eyes."
Sigmund points at you and mumbles some strange words.
You are confused.
Sigmund is nearby!
You bump into the rock wall.
Sigmund casts a spell at you. The magic dart hits you.
You take 2 damage, and have 31/33 hp.
You are too confused!
You bump into the rock wall.
You bump into the rock wall.
You're too confused to move!
Sigmund closely misses you.
You closely miss Sigmund. Your headbutt misses Sigmund.
Unknown command.
You feel less confused.
Sigmund hits you from afar with a +0 scythe.
You take 4 damage, and have 28/33 hp.
Sigmund gestures at you while chanting. The magic dart hits you.
You take 6 damage, and have 22/33 hp.
You puncture Sigmund! Sigmund hits you with a +0 scythe.
You take 2 damage, and have 20/33 hp.
Unknown command.
You are too injured to fight recklessly!
You are too injured to fight recklessly!
You closely miss Sigmund. Sigmund barely misses you.
You hit Sigmund.
Reach: a) +0 trident
Press: ? - help, Dir - move target, f - Sigmund
Aim: Sigmund, wielding a +0 scythe and wearing a +0 robe (heavily wounded, about 48% to evade your +0 trident)
You puncture Sigmund! Sigmund casts a spell at you.
You are confused.
Sigmund hits you but does no damage.
You're too confused to aim your attacks!
You're too confused to aim your attacks!
You're too confused to aim your attacks!
You're too confused to attack without stumbling around!
You bump into the rock wall.
Sigmund laughs darkly.
Sigmund hits you but does no damage. Sigmund closely misses you.
You hit Sigmund.
You bump into the rock wall.
Sigmund hits you with a +0 scythe.
You take 5 damage, and have 17/33 hp.
You hit Sigmund but do no damage. Sigmund casts a spell at you.
You resist with significant effort.
You bump into the rock wall.
You feel less confused. Sigmund hits you with a +0 scythe.
You take 2 damage, and have 16/33 hp.
You puncture Sigmund!
You kill Sigmund!
You have reached level 4!
You feel stronger.
You have reached level 5!
You regained 7 hp, and now have 23/47 hp.
MP restored: 4
Things that are here:
a +0 scythe; a +0 robe There's something in the way.
There's something in the way.
There's something in the way.
There's something in the way.
There's something in the way.
There's something in the way.
There's something in the way.
There's something in the way.
There's something in the way.
There's something in the way.
There's something in the way.
There's something in the way.
There's something in the way.
There's something in the way.
There's something in the way.
There's something in the way.
Okay, then.
Unknown command.
Okay, then.
Okay, then.
You are too injured to fight recklessly!
i - a scroll labelled COFICW VUKEODOH Health restored: 47

######## ##.......
##########.#.#####
#......)..###.#
#.########.#.## #.#
#####.######
###.#####...........
#####......(......†.....
.......@.####.##..##.##.
#####.#.......##.<# .#
#.#.########........
..#.# ##.##.#.. ## #..
#.# #.. ### #.. ###


There were no monsters in sight!

Vanquished Creatures
  Sigmund (D:2)
  An adder (D:2)
  3 ball pythons (D:1)
  3 bats (D:1)
  4 endoplasms (D:1)
  A giant cockroach (D:1)
  2 hobgoblins (D:1 D:2)
  A quokka (D:1)
  A frilled lizard (D:1)
  2 rats (D:1)
19 creatures vanquished.

Notes
Turn   | Place    | Note
-------+----------+-------------------------------------------
     0 | D:1      | Ambrosia the Minotaur Fighter began the quest for the Orb.
     0 | D:1      | Reached XP level 1. HP: 19/19 MP: 0/0
   108 | D:1      | Reached XP level 2. HP: 27/27 MP: 1/1
   198 | D:1      | Reached skill level 4 in Shields
   392 | D:2      | Reached skill level 4 in Armour
   395 | D:2      | Reached skill level 4 in Fighting
   395 | D:2      | Reached skill level 3 in Polearms
   395 | D:2      | Reached XP level 3. HP: 31/33 MP: 2/2
   409 | D:2      | Noticed Sigmund
   429 | D:2      | HP: 16/33 [Sigmund/+0 scythe (2)]
   430 | D:2      | Killed Sigmund
   431 | D:2      | Reached XP level 4. HP: 20/41 MP: 3/3
   431 | D:2      | Reached XP level 5. HP: 23/47 MP: 4/4
   522 | D:2      | Quit the game

Illustrated notes

Levels and vault maps discovered:
D:1:      eino_arrival_water_cross, layout_basic, st_stairs_13,
          nicolae_kite_square_tiling_tiny, minmay_liquid_box
D:2:      layout_loops_ring, uniq_sigmund

Skill      XL: |  1  2 |
---------------+-------+-----
Shields        | 4 |  4.8
Armour         | 4 |  4.8
Fighting       | 4 |  4.7
Polearms       | 3 |  3.9

Action                     |  1- 3 |  4- 6 || total
---------------------------+-------+-------++-------
  Melee: Trident           |    48 |       ||    48
         Headbutt          |     4 |       ||     4
    Use: Scroll            |     2 |       ||     2
 Armour: Scale mail        |    20 |       ||    20
  Dodge: Dodged            |    10 |       ||    10
  Block: Buckler           |     5 |       ||     5

Table legend: (Time is in decaauts)
 A = Elapsed time spent in this place.
 B = Non-inter-level travel time spent in this place.
 C = Inter-level travel time spent in this place.
 D = Time resting spent in this place.
 E = Time spent auto-exploring this place.
 F = Levels seen in this place.
 G = Mean time per level.
                   A        B        C        D        E       F      G
               +--------+--------+--------+--------+--------+-----+--------+
         Total |    530 |    530 |      0 |      0 |    370 |   2 |  265.0 |
       Dungeon |    530 |    530 |      0 |      0 |    370 |   2 |  265.0 |
               +--------+--------+--------+--------+--------+-----+--------+

Top non-repeatable levels by time:
     D:1: 391 daAuts
     D:2: 139 daAuts

Levels and vault maps discovered:
D:1:      eino_arrival_water_cross, layout_basic, st_stairs_13,
          nicolae_kite_square_tiling_tiny, minmay_liquid_box
D:2:      layout_loops_ring, uniq_sigmund

Table legend: (Time is in decaauts)
 A = Elapsed time spent in this place.
 B = Non-inter-level travel time spent in this place.
 C = Inter-level travel time spent in this place.
 D = Time resting spent in this place.
 E = Time spent auto-exploring this place.
 F = Levels seen in this place.
 G = Mean time per level.
                   A        B        C        D        E       F      G
               +--------+--------+--------+--------+--------+-----+--------+
         Total |    530 |    530 |      0 |      0 |    370 |   2 |  265.0 |
       Dungeon |    530 |    530 |      0 |      0 |    370 |   2 |  265.0 |
               +--------+--------+--------+--------+--------+-----+--------+

Top non-repeatable levels by time:
     D:1: 391 daAuts
     D:2: 139 daAuts

Table legend:
 A = Kills in this place as a percentage of kills in the entire game.
 B = Kills by you in this place as a percentage of kills by you in the entire game.
 C = Kills by friends in this place as a percentage of kills by friends in the entire game.
 D = Other kills in this place as a percentage of other kills in the entire game.
 E = Experience gained in this place as a percentage of experience gained in the entire game.
 F = Experience gained in this place divided by the number of levels of this place that you have seen.
                   A       B       C       D       E      F
               +-------+-------+-------+-------+-------+----------------------
         Total | 100.0 | 100.0 |   N/A |   N/A | 100.0 | 129.0
       Dungeon | 100.0 | 100.0 |   N/A |   N/A | 100.0 | 129.0
               +-------+-------+-------+-------+-------+----------------------
